 Dungeon Crawl Stone Soup version 0.24.1-4-ge52af88ad5 (webtiles) character file.

Game seed: 10528063338288941355, levelgen mode: deterministic

85 MajorAdolf the Covert (level 4, 0/57 HPs)
             Began as a Naga Wanderer on Apr 15, 2020.
             Slain by a kobold
             ... wielding a cursed -1 club
              (2 damage)
             ... on level 3 of the Dungeon.
             The game lasted 00:06:17 (2548 turns).

MajorAdolf the Covert (Naga Wanderer)               Turns: 2548, Time: 00:06:17

Health: 0/57       AC:  1    Str: 19    XL:     4   Next: 48%
Magic:  0/5        EV:  9    Int: 15    God:
Gold:   138        SH:  0    Dex:  9    Spells: 5/5 levels left

rFire    . . .     SeeInvis +   (no weapon)
rCold    . . .     Gourm    .   (no shield)
rNeg     . . .     Faith    .   d - +0 robe
rPois    +         Spirit   +   a - -2 helmet (curse)
rElec    .         Reflect  .   e - scarf {Spirit}
rCorr    .         Harm     .   (no gloves)
MR       .....                  (no barding)
Stlth    ..........             (no amulet)
HPRegen  0.19/turn              (no ring)
MPRegen  0.09/turn              (no ring)

@: berserking, quick
A: large, see invisible, deformed body, poison resistance, slowness 2, slow
metabolism 1, spit poison 1, AC +1
a: Spit Poison


You were on level 3 of the Dungeon.
You were very hungry.

You visited 1 branch of the dungeon, and saw 3 of its levels.

You collected 138 gold pieces.

Inventory:

Hand Weapons
 b - a +0 short sword
Armour
 a - a cursed -2 helmet (worn)
 d - a +0 robe (worn)
 e - a scarf of spirit shield (worn)
 k - a cursed +0 helmet
Jewellery
 m - an uncursed ring of fire {unknown}
 n - a cursed -3 ring of protection {unknown}
Scrolls
 g - a scroll of fear {unknown}
 h - 4 scrolls of remove curse {unknown}
 l - a scroll of enchant weapon {unknown}
 o - a scroll of identify {unknown}
Potions
 j - a potion of curing {unknown}
Comestibles
 f - 6 rations


   Skills:
 + Level 1.3 Fighting
   Level 1.0 Staves
 - Level 1.0 Dodging
 - Level 13.9 Stealth
   Level 1.0 Shields
 - Level 1.0 Spellcasting
   Level 2.0 Ice Magic
   Level 2.6 Poison Magic
   Level 1.0 Evocations


You had 5 spell levels left.
You didn't know any spells.
Your spell library contained the following spells:

 Spells                   Type           Power        Failure   Level  Hunger
 Freeze                   Ice            #...         11%         1    ##.....
 Sting                    Conj/Pois      #...         14%         1    ##.....
 Magic Dart               Conj           #...         24%         1    ##.....
 Blink                    Tloc           N/A          36%         2    ###....
 Call Imp                 Summ           #.......     36%         2    ###....
 Slow                     Hex            #.......     36%         2    ###....
 Ozocubu's Armour         Chrm/Ice       #.......     43%         3    ####...
 Ignite Poison            Fire/Tmut/Pois #.......     45%         3    ####...
 Mephitic Cloud           Conj/Pois/Air  #.......     45%         3    ####...
 Conjure Flame            Conj/Fire      #.......     58%         3    ####...


Dungeon Overview and Level Annotations

Branches:
Dungeon (3/15)

Altars:

Annotations:
D:2 Sigmund


Innate Abilities, Weirdness & Mutations

You cannot wear boots.
Your serpentine skin is tough. (AC +1)
You have supernaturally acute eyesight. (SInv)
Armour fits poorly on your strangely shaped body.
Your system is resistant to poisons. (rPois)
You cover ground very slowly.
You have a slow metabolism.
You can spit poison.


Message History

You miss the adder. The adder closely misses you.
You punch the adder!
The adder is severely wounded.
The kobold throws a stone.
The stone barely misses you. The adder bites you.
* * * LOW HITPOINT WARNING * * *
You closely miss the adder.
The adder is severely wounded.
The kobold throws a stone.
The stone closely misses you. The adder bites you.
* * * LOW HITPOINT WARNING * * *
Unknown command.
You hit the adder.
The adder is almost dead.
The adder barely misses you.
You barely miss the adder.
The adder is almost dead.
The adder barely misses you.
You closely miss the adder.
The adder is almost dead.
The kobold hits you with a cursed -1 club.
You die...

... ##..## #.## ....
...... #..# ....# ##
###..# ....# .. ....#
....# .
#####.####..##....##. #.
.......@S.).......... ..
#####..K.#..............
#....####.....##.##.
........ #.....##....
#.##....## #.....##.##.
# ##...# #.....##.##.
#.).# #####.##.##. #...#
.... .##.##. .......
##....


You could see an adder and a kobold.

Vanquished Creatures
  An adder (D:1)
  A worm (D:3)
  3 dart slugs
  2 leopard geckos (D:1)
  4 orcs (D:3)
  4 goblins (D:1)
  3 hobgoblins
  2 bats (D:2)
  A frilled lizard (D:2)
  5 kobolds
  5 rats
31 creatures vanquished.

Notes
Turn   | Place    | Note
-------+----------+-------------------------------------------
     0 | D:1      | MajorAdolf the Naga Wanderer began the quest for the Orb.
     0 | D:1      | MajorAdolf set off with the following items: a +0 club, a
                  | +0 robe, a ration; and the following spells available to
                  | memorise: Freeze, Sting, Magic Dart, Blink, Call Imp, Slow,
                  | Ozocubu's Armour, Ignite Poison, Mephitic Cloud, Conjure
                  | Flame
     0 | D:1      | Reached XP level 1. HP: 18/18 MP: 2/2
    52 | D:1      | Reached skill level 1 in Stealth
    89 | D:1      | Reached skill level 2 in Stealth
   162 | D:1      | Reached XP level 2. HP: 25/25 MP: 3/3
   328 | D:1      | Reached skill level 3 in Stealth
  1224 | D:2      | Noticed Sigmund
  1266 | D:2      | Reached skill level 4 in Stealth
  1438 | D:1      | Reached skill level 13 in Stealth
  1438 | D:1      | Reached XP level 3. HP: 11/31 MP: 4/4
  1448 | D:1      | Reached XP level 4. HP: 4/38 MP: 5/5
  2545 | D:3      | HP: 1/57 [adder (2)]
  2548 | D:3      | Slain by a kobold

Levels and vault maps discovered:
D:1:      eino_arrival_water_cross, layout_basic
D:2:      layout_rooms, serial_glass, glass_columns_a, glass_columns_c,
          glass_columns_b, glass_columns_c, glass_columns_c, glass_columns_a,
          uniq_sigmund
D:3:      layout_basic, first_ration

Skill      XL: |  1  2 |
---------------+-------+-----
Stealth        | 2 13 | 13.9
Fighting       | |  1.3
Staves         | |  1.0
Dodging        | |  1.0
Shields        | |  1.0
Spellcasting   | |  1.0
Ice Magic      | |  2.0
Poison Magic   | |  2.6
Evocations     | |  1.0

Action                   |  1- 3 |  4- 6 || total
-------------------------+-------+-------++-------
Melee: Unarmed           |     5 |     7 ||    12
 Abil: Spit Poison       |    30 |    25 ||    55
  Use: Potion            |     3 |     1 ||     4
       Scroll            |       |     1 ||     1
  Eat: Chunk             |     1 |     4 ||     5
Armor: Robe              |       |     4 ||     4
Dodge: Dodged            |    14 |    11 ||    25
